 Dungeon Crawl Stone Soup version 0.18-b1-22-ge198996 (webtiles) character file.

415 manyhoops the Chucker (level 6, -1/57 HPs)
             Began as a Troll Hunter on May 4, 2016.
             Slain by manyhoops's ghost (31 damage)
             ... on level 3 of the Dungeon.
             The game lasted 00:05:43 (2216 turns).

manyhoops the Chucker (Troll Hunter)                Turns: 2216, Time: 00:05:43

Health: -1/57      AC:  6    Str: 26    XL:     6   Next: 60%
Magic:  5/5        EV:  5    Int:  7    God:
Gold:   124        SH:  0    Dex: 10    Spells: 0 memorised, 5 levels left

rFire  . . .     SeeInvis .       - Unarmed
rCold  . . .     Gourm    +     b - +0 robe
rNeg   . . .     Faith    .     (no shield)
rPois  .         Spirit   .     (helmet restricted)
rElec  .         Dismiss  .     v - +0 cloak
rCorr  .         Reflect  .     (gloves unavailable)
SustAt .         Harm     .     (boots unavailable)
MR     .....                    (no amulet)
Stlth  +.........               l - +3 ring of slaying
                                h - +3 ring of strength

@: not resistant to hostile enchantments, very unstealthy
A: unfitting armour, claws 3, fast metabolism 3, gourmand, regeneration 2,
shaggy fur 1, tough skin 2
a: no special abilities


You were on level 3 of the Dungeon.
You were very full.

You visited 1 branch of the dungeon, and saw 3 of its levels.

You collected 124 gold pieces.

Inventory:

Missiles
 d - 2 throwing nets
 m - 4 large rocks (quivered)
Armour
 b - a +0 robe (worn)
 v - a +0 cloak (worn)
Jewellery
 h - a +3 ring of strength (left claw)
 l - a +3 ring of slaying (right claw)
Wands
 c - a wand of flame (25/48)
 q - a wand of teleportation (6/9)
 r - a wand of slowing (20/48)
Scrolls
 a - a scroll of blinking {unknown}
 e - 2 scrolls of identify {unknown}
 g - a scroll of remove curse
 o - a scroll of magic mapping {unknown}
 t - a scroll of fear {unknown}
 w - a scroll of noise {unknown}
Potions
 i - a potion of flight {unknown}
 j - a potion of cure mutation {unknown}
 k - a potion of degeneration {unknown}
 n - a potion of agility {unknown}
 s - a potion of berserk rage {unknown}
 u - a potion of magic {unknown}
Comestibles
 f - 3 bread rations
 p - 2 fruits


   Skills:
 + Level 2.2 Fighting
 * Level 4.9 Throwing
 + Level 3.2 Dodging
 - Level 0.4 Stealth
 * Level 4.0 Unarmed Combat


You had 5 spell levels left.
You didn't know any spells.

Dungeon Overview and Level Annotations

Branches:
Dungeon (3/15)

Altars:
Dithmenos
Xom

Annotations:
D:3 manyhoops's ghost, amateur OgGl


Innate Abilities, Weirdness & Mutations

You are too large for most types of armour.
You have claws for hands.
Your metabolism is lightning-fast.
You like to eat raw meat.
You heal very quickly.
You are covered in fur (AC +1).
You have very tough skin (AC +2).


Message History

Manyhoops's ghost whispers, "Everlasting silence awaits you..."
You mangle the hobgoblin!!
You kill the hobgoblin!
Manyhoops's ghost barely misses you.
Manyhoops's ghost says, "They'll have to sweep you off the floor after I'm finished with you!"
Things that are here:
a short sword of speed; a scale mail Manyhoops's ghost hits you!
There is a stone staircase leading down here.
You claw manyhoops's ghost!
Manyhoops's ghost is moderately damaged.
You closely miss manyhoops's ghost.
Manyhoops's ghost is moderately damaged.
Manyhoops's ghost hits you!!
You closely miss manyhoops's ghost.
Manyhoops's ghost is moderately damaged.
Manyhoops's ghost barely misses you. Manyhoops's ghost hits you!!
Ouch! That really hurt!
You die...

##################
...............W@#
##........######.#
#.........# #.#
##.........#####.####
.#............##....#
.#..................#
.####.#.....#.##....#
.# #.#.#####...#####
.# #.#.# #......#


You could see manyhoops's ghost.

Vanquished Creatures
  A centaur (D:3)
  An orc priest (D:3)
  Jessica (D:2)
  Natasha (thrice) (D:2)
  Robin (D:2)
  4 gnolls
  7 adders
  An ooze (D:2)
  2 worms
  2 dart slugs (D:1)
  2 giant geckos
  4 orcs (D:3)
  6 giant cockroaches (D:1)
  13 hobgoblins
  3 quokkas
  A ball python (D:1)
  6 bats
  3 giant newts
  8 goblins
  10 kobolds
  9 rats
88 creatures vanquished.

Notes
Turn   | Place    | Note
--------------------------------------------------------------
     0 | D:1      | manyhoops the Troll Hunter began the quest for the Orb.
     0 | D:1      | Reached XP level 1. HP: 19/19 MP: 0/0
    65 | D:1      | Reached XP level 2. HP: 27/27 MP: 1/1
   211 | D:1      | Reached XP level 3. HP: 22/33 MP: 2/2
   541 | D:1      | Reached skill level 1 in Unarmed Combat
   950 | D:2      | Noticed Natasha
   954 | D:2      | Reached XP level 4. HP: 41/41 MP: 3/3
   960 | D:2      | Killed Natasha
  1112 | D:2      | Noticed Robin
  1129 | D:2      | Killed Robin
  1246 | D:2      | Found a shimmering altar of Xom.
  1280 | D:2      | Found a faded altar to an unknown god.
  1291 | D:2      | Noticed Natasha
  1297 | D:2      | Killed Natasha
  1297 | D:2      | Reached XP level 5. HP: 42/49 MP: 4/4
  1319 | D:2      | Noticed Jessica
  1323 | D:2      | Killed Jessica
  1499 | D:2      | Noticed Natasha
  1508 | D:2      | Killed Natasha
  1543 | D:3      | Noticed a centaur
  1557 | D:3      | Killed a centaur
  1557 | D:3      | Reached XP level 6. HP: 32/57 MP: 5/5
  2068 | D:3      | Found a shadowy altar of Dithmenos.
  2101 | D:3      | Noticed manyhoops's ghost (amateur OgGl)
  2216 | D:3      | Slain by manyhoops's ghost

Skill      XL: |  1  2  3  4  5  6 |
---------------+-------------------+-----
Throwing       | 4 |  4.9
Unarmed Combat | 1 2 3 4 |  4.0
Dodging        | 2 3 |  3.2
Fighting       | 2 |  2.2
Stealth        | |  0.4

Action                   |  1- 3 |  4- 6 || total
-------------------------+-------+-------++-------
Melee: Unarmed           |    84 |   119 ||   203
       Punch             |     2 |     3 ||     5
Throw: Large rock        |       |    12 ||    12
  Use: Scroll            |       |     1 ||     1
 Stab: Distracted        |       |     1 ||     1
       Sleeping          |       |     1 ||     1
  Eat: Chunk             |     3 |    18 ||    21
       Bread ration      |     1 |       ||     1
Armor: Robe              |    25 |    42 ||    67
Dodge: Dodged            |    32 |    65 ||    97
